 Dungeon Crawl Stone Soup version 0.27-a0-1135-g81dfa19a63 (webtiles) character file.

Game seed: 4501800410133361536

1603 Froggeryz the Grappler (level 8, 0/61 HPs)
             Began as a Pale Draconian Wanderer on May 4, 2021.
             Was a Follower of Wu Jian.
             Slain by an orc warrior
             ... wielding a +0 trident
              (8 damage)
             ... on level 7 of the Dungeon.
             The game lasted 00:08:57 (7593 turns).

Froggeryz the Grappler (Pale Draconian Wanderer)    Turns: 7593, Time: 00:09:04

Health: 0/61       AC:  9    Str: 20    XL:     8   Next: 62%
Magic:  11/11      EV: 11    Int: 14    God:    Wu Jian [*.....]
Gold:   286        SH:  0    Dex: 12    Spells: 11/11 levels left

rFire    + + .     SeeInvis .   p - +10 dagger "Ofumiruc" {freeze, +Rage rPois rF++ rC-}
rCold    . . .     Faith    .   (no shield)
rNeg     . . .     Spirit   .   (armour unavailable)
rPois    +         Reflect  .   (helmet restricted)
rElec    .         Harm     .   (no cloak)
rCorr    .         Rampage  .   t - +2 pair of gloves
Will     .....                  (no boots)
Stlth    ++........             e - amulet of the acrobat
HPRegen  0.20/turn              b - +6 ring of strength
MPRegen  0.12/turn              m - ring of protection from cold

@: short of breath
A: breathe steam, AC +6, unfitting armour, cold-blooded, steam resistance, wild
magic 1, evolution 1
a: Breathe Steam, Renounce Religion, Evoke Berserk Rage


You were on level 7 of the Dungeon.
You worshipped Wu Jian.
Wu Jian was aware of your devotion.
You visited 1 branch of the dungeon, and saw 7 of its levels.
You also visited: Sewer.

You collected 401 gold pieces.
You spent 115 gold pieces at shops.

Inventory:

Hand Weapons
 p - the +10 dagger "Ofumiruc" (weapon) {freeze, +Rage rPois rF++ rC-}
   (You found it on level 5 of the Dungeon)

   It has been specially enchanted to freeze those struck by it, causing extra
   injury to most foes and up to half again as much damage against particularly
   susceptible opponents.
   It can also slow down cold-blooded creatures.
   It greatly protects you from fire.
   It makes you vulnerable to cold.
   It protects you from poison.
   It lets you go berserk.
 w - the +9 spear of the Tiger {drain, *Rage Drain rF+ Str+2 SInv}
   (You found it on level 4 of the Dungeon)

   A truly terrible weapon, it drains the life of those it strikes.
   It affects your strength (+2).
   It protects you from fire.
   It lets you see invisible.
   It may make you go berserk in combat.
   It drains your maximum health when unequipped.
Missiles
 g - 2 javelins (quivered)
 D - 5 curare-tipped darts
Armour
 t - a +2 pair of gloves (worn)
Jewellery
 b - a +6 ring of strength (left hand)
 e - an amulet of the acrobat (around neck)
 i - a ring of protection from fire
 m - a ring of protection from cold (right hand)
 n - a ring of positive energy
 q - a ring of fire
 v - a ring of see invisible
 x - a ring of resist corrosion
 y - a ring of wizardry
 E - a ring of ice
Wands
 G - a wand of iceblast (5)
Scrolls
 d - a scroll of teleportation
 f - 5 scrolls of magic mapping
 l - a scroll of noise {unknown}
 r - a scroll of enchant weapon
 z - a scroll of fog
 A - a scroll of blinking
 C - 2 scrolls of identify
 H - a scroll of enchant armour
Potions
 a - 2 potions of mutation
 c - a potion of haste
 h - a potion of magic {unknown}
 j - a potion of brilliance
 k - a potion of curing {unknown}
 o - a potion of resistance {unknown}
 s - a potion of flight {unknown}
 u - a potion of lignification {unknown}
 B - 2 potions of attraction {unknown}
 I - 2 potions of berserk rage {unknown}


   Skills:
 - Level 2.1 Fighting
 - Level 1.0 Axes
 + Level 1.4 Stealth
 * Level 10.7 Unarmed Combat
 - Level 2.0 Spellcasting
 - Level 1.7 Hexes
 - Level 1.0 Necromancy
 - Level 1.1 Evocations


You had 11 spell levels left.
You didn't know any spells.
Your spell library contained the following spells:

 Spells                   Type           Power      Damage    Failure   Level
 Animate Skeleton         Necr           10%        N/A       22%         1
 Pain                     Necr           20%        1d5       22%         1
 Magic Dart               Conj           4%         1d3       32%         1
 Searing Ray              Conj           2%         3d3       43%         2
 Vampiric Draining        Necr           2%         2d6       52%         3
 Dazzling Flash           Conj/Hex       10%        N/A       54%         3
 Animate Dead             Necr           2%         N/A       88%         4
 Fulminant Prism          Conj/Hex       2%         3d6       90%         4
 Iskenderun's Mystic Bla  Conj/Tloc      1%         2d3       96%         4
 Agony                    Necr           5%         N/A       99%         5


Dungeon Overview and Level Annotations

Branches:
Dungeon (7/15)             Temple (0/1) D:6           Sewer (visited)

Altars:
Sif Muna
Wu Jian

Shops:
D:1 [   D:4 ?


Innate Abilities, Weirdness & Mutations

You can breathe blasts of scalding, opaque steam.
Your pale cyan-grey scales are hard. (AC +6)
You cannot fit into any form of body armour.
You are cold-blooded and may be slowed by cold attacks.
You are immune to the effects of steam.
Your spells are a little harder to cast, but a little more powerful.
You evolve.


Message History

Your tail-slap misses the orc warrior.
The orc warrior is heavily wounded.
The orc warrior barely misses you.
You hit the orc warrior. You freeze the orc warrior.
The orc warrior is severely wounded.
The orc warrior hits you with a +0 trident!
You closely miss the orc warrior.
Your tail-slap misses the orc warrior.
The orc warrior is severely wounded.
The orc warrior hits you with a +0 trident!
You hit the orc warrior but do no damage.
You tail-slap the orc warrior, but do no damage.
The orc warrior is severely wounded.
The orc warrior barely misses you.
You closely miss the orc warrior.
The orc warrior is severely wounded.
The orc warrior hits you but does no damage.
You closely miss the orc warrior.
You tail-slap the orc warrior, but do no damage.
The orc warrior is severely wounded.
The orc warrior hits you with a +0 trident!
* * * LOW HITPOINT WARNING * * *
Press: ? - help, Shift-Dir - straight line, f - orc warrior
Aim: an orc warrior, wielding a +0 trident and wearing a +0 plate armour (severely wounded)
You exhale a blast of scalding steam.
The ball of steam hits the orc warrior.
The orc warrior is severely wounded.
The ball of steam hits something!
The Council accepts your kill.
You feel a bit more experienced.
The orc warrior is engulfed in a cloud of scalding steam.
The orc warrior hits you with a +0 trident.
* * * LOW HITPOINT WARNING * * *
Unknown command.
It was a potion of mutation.
You feel extremely strange.
You feel less in control of your magic.
You feel nature experimenting on you.
Don't worry, failures die fast.
The Council accepts your kill.
Reactivating autopickup.
You feel a bit more experienced.
The orc warrior hits you with a +0 trident!
You die...

#..(....... ###
####.###### #.# #.......
###.# #.###.#. #.#.#
####.###.#. #######.#.#
#.......... #.........#
#.##.###...
#.##.##.#.####.##.##....
.. #@#......##.###.## #.
#o#.###..##.###...
####..##ยง#.###..##.##.###
.....o.oo#.##......##.#
.[..oz####......#####.#
..##. #.##.###.....# #
#####.##.###.###.#
#................#
#.###.##.###.#####


You could see an orc warrior.

Vanquished Creatures
  Sigmund (D:6)
  A water moccasin (D:7)
  Duvessa (D:6)
  A sky beast (D:6)
  A black bear (D:6)
  A necrophage (D:5)
  An ogre (D:5)
  A centaur (D:7)
  2 bullfrogs
  A gnoll sergeant (D:5)
  Dowan (D:6)
  2 wights (D:7)
  A centaur zombie (D:5)
  A centaur skeleton (D:6)
  2 orc priests (D:5)
  A bullfrog skeleton (D:5)
  2 jellies
  2 orc wizards
  Terence (D:3)
  2 iguanas
  A gnoll (D:6)
  7 adders
  2 river rats (D:5)
  An adder zombie (D:5)
  A worm (D:2)
  A dart slug (D:4)
  10 orcs
  10 ball pythons
  3 bats
  4 endoplasms
  11 giant cockroaches
  5 hobgoblins
  6 jackals
  5 kobolds
  2 quokkas
  9 frilled lizards
  3 goblins
  A jackal skeleton (D:3)
  7 rats
115 creatures vanquished.

Vanquished Creatures (others)
  2 plants (D:2)
2 creatures vanquished.

Grand Total: 117 creatures vanquished

Notes
Turn   | Place    | Note
-------+----------+-------------------------------------------
     0 | D:1      | Froggeryz the Draconian Wanderer began the quest for the
                  | Orb.
     0 | D:1      | Froggeryz set off with the following items: a +2 dagger, a
                  | potion of heal wounds, a +0 hand axe, a scroll of
                  | teleportation
     0 | D:1      | Reached XP level 1. HP: 17/17 MP: 3/3
    86 | D:1      | Reached skill level 1 in Unarmed Combat
   268 | D:1      | Found Terroame's Antique Armour Emporium.
   352 | D:1      | Reached XP level 2. HP: 24/24 MP: 5/5
   867 | D:1      | Reached skill level 2 in Unarmed Combat
  1424 | D:2      | Reached XP level 3. HP: 27/29 MP: 6/6
  1710 | D:2      | Reached skill level 3 in Unarmed Combat
  1732 | D:2      | Found a faded altar of an unknown god.
  2230 | D:3      | Reached XP level 4. HP: 14/36 MP: 7/7
  2537 | D:3      | Noticed Terence
  2557 | D:3      | Killed Terence
  2558 | D:3      | Reached skill level 4 in Unarmed Combat
  2800 | D:3      | You fall into a shaft and drop 1 floor!
  2878 | D:4      | Reached XP level 5. HP: 38/41 MP: 8/8
  3085 | D:4      | Identified the +9 spear of the Tiger {drain, *Rage Drain
                  | rF+ Str+2 SInv}
  3151 | D:3      | Found an ornate altar of the Wu Jian Council.
  3582 | D:3      | Reached skill level 5 in Unarmed Combat
  3656 | D:3      | Found a shimmering blue altar of Sif Muna.
  3824 | D:3      | Became a worshipper of the Wu Jian Council
  3887 | D:4      | Found Ciehio's Magic Scroll Emporium.
  3894 | D:4      | Bought a scroll of fog for 20 gold pieces
  3894 | D:4      | Bought a scroll of blinking for 75 gold pieces
  3894 | D:4      | Bought a scroll of identify for 20 gold pieces
  3960 | D:4      | Found the +7 mace of Variability {chain chaos}
  4246 | D:5      | Entered Level 5 of the Dungeon
  4360 | D:5      | Identified the +10 dagger "Ofumiruc" {freeze, +Rage rPois
                  | rF++ rC-}
  4604 | D:5      | Found a glowing drain.
  4622 | Sewer    | Entered a sewer
  4829 | Sewer    | Reached skill level 6 in Unarmed Combat
  4829 | Sewer    | Reached XP level 6. HP: 48/48 MP: 9/9
  4982 | D:5      | Reached * piety under Wu Jian
  5070 | D:5      | Reached skill level 7 in Unarmed Combat
  5258 | D:5      | Your scales start taking on a pale cyan-grey colour.
  5258 | D:5      | Reached XP level 7. HP: 22/55 MP: 10/10
  5258 | D:5      | Gained mutation: You are immune to the effects of steam.
                  | [Pale Draconian growth]
  5740 | D:6      | Reached skill level 8 in Unarmed Combat
  5935 | D:6      | Noticed Duvessa
  5935 | D:6      | Noticed Dowan
  5957 | D:6      | Killed Dowan
  5958 | D:6      | Killed Duvessa
  6319 | D:6      | Found a staircase to the Ecumenical Temple.
  6349 | D:6      | Reached skill level 9 in Unarmed Combat
  6700 | D:6      | Noticed Sigmund
  6703 | D:6      | Killed Sigmund
  6704 | D:6      | Reached XP level 8. HP: 53/61 MP: 11/11
  7197 | D:6      | Reached skill level 10 in Unarmed Combat
  7593 | D:7      | Gained mutation: Your spells are a little harder to cast,
                  | but a little more powerful. [potion of mutation]
  7593 | D:7      | Gained mutation: You evolve. [potion of mutation]
  7593 | D:7      | Slain by an orc warrior

Illustrated notes

Levels and vault maps discovered:
D:1:      zelgadis_glass_arrival_small, layout_loops_corners, serial_shops, shop
D:2:      cheibrodos_old_hovel, layout_loops_cross,
          hellmonk_ecumenical_altar_pennies_from_heaven, chequers_jeans,
          hangedman_decor_growths, minmay_statues_item, st_stairs_14
D:3:      layout_basic, amcnicky_altar_gilded, marbit_many_paths,
          minmay_misc_feat_more_columns, grunt_decor_junction, uniq_terence
D:4:      layout_basic, serial_shops, shop
D:5:      layout_gridville, portal_sewer_entry_b
D:6:      layout_basic, minmay_temple_entry_junction, hex_tiny, uniq_sigmund,
          uniq_duvessa
D:7:      layout_basic

Skill      XL: |  1  2  3  4  5  6  7  8 |
---------------+-------------------------+-----
Unarmed Combat | 1 2 3 4 6 7 9 10 | 10.7
Fighting       | |  2.1
Axes           | |  1.0
Stealth        | |  1.4
Spellcasting   | |  2.0
Hexes          | |  1.7
Necromancy     | |  1.0
Evocations     | |  1.1

Action                   |  1- 3 |  4- 6 |  7- 9 || total
-------------------------+-------+-------+-------++-------
Melee: Dagger            |    99 |   136 |    73 ||   308
       Tailslap          |    12 |    14 |    14 ||    40
       Punch             |       |     2 |     5 ||     7
Invok: Lunge             |       |    10 |     9 ||    19
       Whirlwind         |       |     2 |     2 ||     4
 Abil: Breathe Steam     |       |       |     4 ||     4
Evoke: Wand              |       |     1 |       ||     1
  Use: Scroll            |     2 |     6 |       ||     8
       Potion            |     1 |       |     2 ||     3
 Stab: Sleeping          |     2 |     2 |     3 ||     7
       Distracted        |       |       |     1 ||     1
Armor: Skin              |    32 |    50 |    23 ||   105
Dodge: Dodged            |    49 |    76 |    48 ||   173

Table legend: (Time is in decaauts)
 A = Elapsed time spent in this place.
 B = Non-inter-level travel time spent in this place.
 C = Inter-level travel time spent in this place.
 D = Time resting spent in this place.
 E = Time spent auto-exploring this place.
 F = Levels seen in this place.
 G = Mean time per level.
                   A        B        C        D        E       F      G
               +--------+--------+--------+--------+--------+-----+--------+
         Total |   7634 |   7173 |    461 |    858 |   5322 |   8 |  954.2 |
       Dungeon |   7375 |   6914 |    461 |    858 |   5255 |   7 | 1053.6 |
         Sewer |    258 |    258 |      0 |      0 |     67 |   1 |  258.0 |
               +--------+--------+--------+--------+--------+-----+--------+

Top non-repeatable levels by time:
     D:5: 1561 daAuts
     D:3: 1379 daAuts
     D:1: 1324 daAuts
     D:6: 1255 daAuts
     D:2: 852 daAuts
     D:4: 695 daAuts
     D:7: 307 daAuts
   Sewer: 258 daAuts
